 Dungeon Crawl Stone Soup version 0.24.0-1-gfbc8707 (webtiles) character file.

Game seed: 5459955220716379168, levelgen mode: deterministic

1143 Illumine the Chopper (level 8, -2/103 HPs)
             Began as a Minotaur Berserker on Oct 27, 2019.
             Was a Priest of Trog.
             Shot with an arrow by a centaur (6 damage)
             ... on level 5 of the Dungeon.
             The game lasted 00:06:47 (3667 turns).

Illumine the Chopper (Minotaur Berserker)           Turns: 3667, Time: 00:06:47

Health: -2/103     AC:  9    Str: 28    XL:     8   Next: 15%
Magic:  0/16       EV:  9    Int:  4    God:    Trog [***...]
Gold:   183        SH: 11    Dex: 11    Spells: 7/7 levels left

rFire    + . .     SeeInvis .   a - +1 hand axe
rCold    . . .     Gourm    .   x - +0 shield
rNeg     . . .     Faith    .   h - +0 chain mail
rPois    .         Spirit   +   (helmet restricted)
rElec    .         Reflect  .   (no cloak)
rCorr    .         Harm     .   (no gloves)
MR       ++...                  (no boots)
Stlth    ..........             w - amulet of guardian spirit
HPRegen  1.27/turn              g - ring of magical power
MPRegen  0.15/turn              m - ring of protection from fire

@: berserking, regenerating, very quick
A: retaliatory headbutt, horns 2
a: Berserk, Trog's Hand, Renounce Religion


You were on level 5 of the Dungeon.
You worshipped Trog.
Trog was most pleased with you.
You were near starving.

You visited 1 branch of the dungeon, and saw 5 of its levels.

You collected 183 gold pieces.

Inventory:

Hand Weapons
 a - a +1 hand axe (weapon)
 q - a +3 morningstar
Armour
 h - a +0 chain mail (worn)
 x - a +0 shield (worn)
Jewellery
 e - an uncursed ring of positive energy
 g - a ring of magical power (left hand)
 j - an uncursed ring of flight
 m - a ring of protection from fire (right hand)
 w - an amulet of guardian spirit (around neck)
Scrolls
 i - a scroll of identify
 k - 4 scrolls of remove curse
 u - a scroll of amnesia {unknown}
Potions
 b - a potion of ambrosia {unknown}
 d - a potion of cancellation {unknown}
 f - 2 potions of brilliance
 l - 2 potions of mutation
 n - 2 potions of lignification {unknown}
 o - 2 potions of curing {unknown}
 p - a potion of agility
 v - a potion of magic {unknown}
Comestibles
 c - 6 rations
 r - 6 chunks of flesh


   Skills:
 + Level 5.5 Fighting
 + Level 6.7 Axes
 + Level 4.9 Armour
 + Level 5.0 Dodging
 * Level 6.1 Shields


You had 7 spell levels left.
You didn't know any spells.
Your spell library was empty.

Dungeon Overview and Level Annotations

Branches:
Dungeon (5/15)
 Temple: D:4-7

Altars:


Innate Abilities, Weirdness & Mutations

You reflexively headbutt those who attack you in melee.
You have a pair of horns on your head.


Message History

The crimson imp throws a stone.
The stone hits you but does no damage.
Things that are here:
a +0 shortbow of freezing; 18 arrows; a scroll of teleportation Unknown command.
You slash the gnoll shaman! You headbutt the gnoll shaman!
You kill the gnoll shaman!
Trog accepts your kill.
Your Dodging skill increases to level 5!
You slash the centaur zombie! The gnoll closely misses you.
The centaur zombie hits you.
* * * LOW HITPOINT WARNING * * *
You block the gnoll's attack.
The crimson imp throws a stone.
The stone barely misses you.
The stone hits the centaur zombie.
The centaur shoots an arrow.
The arrow hits you but does no damage.
Unknown command.
You block the gnoll's attack. The gnoll barely misses you.
The gnoll hits you with a +0 halberd.
* * * LOW HITPOINT WARNING * * *
The centaur shoots an arrow.
The arrow hits you!
You die...

####### ... ..
##.....##..# ..#
#.......#..##..#
#...^..(#..c.>..
#)†(..# .....
##(....##..#
#.......(..##..#
#.....(Z).......
#.....g@........
#<...(g.[..##..#
##...gg...5# .#
#.....##..# .
#.....# .(#
...........#
............#
.........>...
.......


You could see a centaur, 4 gnolls, a crimson imp and a centaur zombie.

Vanquished Creatures
  Grinder (D:4)
  A phantom (D:4)
  A centaur (D:5)
  2 ogres
  2 scorpions
  3 howler monkeys
  2 hounds (D:4)
  A gnoll shaman (D:5)
  An orc priest (D:3)
  2 worker ants (D:4)
  3 gnolls
  11 adders
  A shadow imp (D:5)
  An adder skeleton (D:5)
  4 worms
  2 dart slugs
  A leopard gecko (D:3)
  10 orcs
  3 giant cockroaches
  9 goblins
  6 hobgoblins
  4 quokkas
  A ball python (D:4)
  8 bats
  9 frilled lizards
  6 kobolds
  A leopard gecko zombie (D:3)
  3 rats
99 creatures vanquished.

Vanquished Creatures (others)
  A gnoll (D:5)
1 creature vanquished.

Grand Total: 100 creatures vanquished

Notes
Turn   | Place    | Note
-------+----------+-------------------------------------------
     0 | D:1      | Illumine the Minotaur Berserker began the quest for the
                  | Orb.
     0 | D:1      | Reached XP level 1. HP: 19/19 MP: 0/0
   321 | D:1      | Reached XP level 2. HP: 22/26 MP: 1/1
   909 | D:2      | Reached ** piety under Trog
   909 | D:2      | Reached XP level 3. HP: 23/31 MP: 2/2
  1263 | D:2      | Reached skill level 5 in Axes
  1565 | D:2      | Reached skill level 1 in Shields
  1565 | D:2      | Reached XP level 4. HP: 40/40 MP: 3/3
  2098 | D:3      | Reached XP level 5. HP: 38/46 MP: 4/4
  2800 | D:4      | Reached *** piety under Trog
  2882 | D:4      | Reached XP level 6. HP: 48/52 MP: 5/5
  2931 | D:4      | Noticed Grinder
  2940 | D:4      | Paralysed by Grinder for 4 turns
  2952 | D:4      | Killed Grinder
  3120 | D:4      | Reached XP level 7. HP: 60/60 MP: 6/6
  3536 | D:4      | Reached skill level 5 in Fighting
  3536 | D:4      | Reached skill level 5 in Shields
  3584 | D:5      | Entered Level 5 of the Dungeon
  3657 | D:5      | Reached XP level 8. HP: 35/68 MP: 7/7
  3666 | D:5      | Reached skill level 5 in Dodging
  3667 | D:5      | HP: 4/103 [gnoll/+0 halberd (5)]
  3667 | D:5      | Shot with an arrow by a centaur

Levels and vault maps discovered:
D:1:      matt_arrival_diagonals, layout_basic, fountainhead
D:2:      layout_loops_cross
D:3:      layout_basic, minmay_pentangle
D:4:      minmay_diamond_boxcup, layout_gridville, first_ration, uniq_grinder
D:5:      layout_gridville, minmay_temple_entry_poolview,
          cheibrodos_sewer_entry_bend, minmay_shop_enchanted_jewellery,
          uniq_ijyb

Skill      XL: |  1  2  3  4  5  6  7  8 |
---------------+-------------------------+-----
Axes           | 4 5 6 |  6.7
Dodging        | 3 4 5 |  5.0
Shields        | 1 2 3 4 5 6 |  6.1
Armour         | 3 4 |  4.9
Fighting       | 4 5 |  5.5

Action                   |  1- 3 |  4- 6 |  7- 9 || total
-------------------------+-------+-------+-------++-------
Melee: Hand axe          |    90 |   133 |    90 ||   313
       Headbutt          |     6 |    14 |    18 ||    38
Invok: Berserk           |       |       |     1 ||     1
       Trog's Hand       |       |       |     1 ||     1
  Use: Scroll            |       |     8 |       ||     8
 Stab: Sleeping          |     1 |       |       ||     1
  Eat: Chunk             |     2 |     2 |     1 ||     5
       Ration            |       |     1 |       ||     1
Armor: Animal skin       |     6 |       |       ||     6
       Chain mail        |    15 |    62 |    36 ||   113
       Skin              |       |       |     4 ||     4
Dodge: Dodged            |    61 |    57 |    37 ||   155
Block: Buckler           |       |    24 |       ||    24
       Shield            |       |     9 |    51 ||    60
